AoeStats
← _LY_抖音肥龙

Black Forest

507325822Analyzed
4v4 RM · 15d ago on Sep 17, 2026· 12m 2s· 8 players
Game mode
Random Map
Map size
Large (8 player)
Population
200
Speed
Normal
Resources
Standard
Victory
Conquest
Starting age
Dark Age
Ending age
Imperial Age
RankedLock teamsTeams togetherTeam positionsShared explorationLock speedFull tech treeHidden civsTurbo modeCheats
Victory
Defeat
🇭🇰 Cumans · Hong Kong SAR China
1635
+21
1622
+21
🇮🇹 Chinese · Italy
1608
+22
🇻🇳 Slavs · Vietnam
1590
+22
🇭🇰 Jurchens · Hong Kong SAR China
1815
-25
🇨🇳 Vikings · China
1784
-23
🇺🇸 Turks · United States
1736
-21
🇨🇳 Portuguese · China
1625
-17
_LY_抖音肥龙
3:05 Loom
aimbot
11:09 Feudal Age
JunkDogJoe
12:47 Feudal Age
< blank >
0:31 Loom
11:13 Feudal Age
Sun
9:46 Feudal Age
10:40 Double-Bit Axe
thanh7531
0:37 Loom
12:37 Feudal Age
3∅∰©Ψ H̵͎̄ẽ̵̝ ̵
GdR_Mark_Landers
0:26 Loom
Connection lost

Rejoining the realm…

Still unreachable

The connection could not be restored.

Session expired

The server has moved on; the page needs a fresh start.